 Dungeon Crawl Stone Soup version 0.27-a0-660-g90476cec82 (webtiles) character file.

Game seed: 3154513571455631285

56 tsouns the Slasher (level 3, 0/33 HPs)
             Began as a Palentonga Gladiator on Mar 16, 2021.
             Slain by a wyvern skeleton (7 damage)
             ... on level 2 of the Dungeon.
             The game lasted 00:01:28 (1502 turns).

tsouns the Slasher (Palentonga Gladiator)           Turns: 1502, Time: 00:01:29

Health: 0/33       AC:  5    Str: 17    XL:     3   Next: 71%
Magic:  3/3        EV:  9    Int:  9    God:
Gold:   56         SH:  0    Dex: 11    Spells: 2/2 levels left

rFire    . . .     SeeInvis +   a - +0 long sword
rCold    . . .     Faith    .   (no shield)
rNeg     . . .     Spirit   .   b - +0 leather armour
rPois    .         Reflect  .   c - +0 helmet
rElec    .         Harm     .   (no cloak)
rCorr    .         Rampage  .   (no gloves)
Will     .....                  (no barding)
Stlth    +.........             (no amulet)
HPRegen  0.11/turn              (no ring)
MPRegen  0.08/turn              (no ring)

@: no status effects
A: large, rugged brown scales 3, see invisible, deformed body, roll 1, armoured
tail
a: Rolling Charge


You were on level 2 of the Dungeon.
You visited 1 branch of the dungeon, and saw 2 of its levels.

You collected 56 gold pieces.

Inventory:

Hand Weapons
 a - a +0 long sword (weapon)
Missiles
 d - 3 throwing nets (quivered)
 f - 2 javelins
Armour
 b - a +0 leather armour (worn)
 c - a +0 helmet (worn)
Scrolls
 g - a scroll of identify {unknown}
 h - a scroll of enchant weapon {unknown}
 k - 2 scrolls of enchant armour {unknown}
Potions
 e - 2 potions of lignification {unknown}
 i - 2 potions of magic {unknown}
 j - a potion of haste {unknown}
 l - a potion of attraction {unknown}


   Skills:
 + Level 3.2 Fighting
 + Level 3.9 Long Blades
 - Level 1.3 Throwing
 - Level 2.4 Dodging


You had 2 spell levels left.
You didn't know any spells.
Your spell library was empty.

Dungeon Overview and Level Annotations

Branches:
Dungeon (2/15)

Altars:


Innate Abilities, Weirdness & Mutations

You are completely covered in rugged brown scales. (AC +3, +7% HP)
You have supernaturally acute eyesight. (SInv)
Armour fits poorly on your strangely shaped body.
You can roll at nearby foes to attack.
You have a long armoured tail.


Message History

You closely miss the quokka. You tail-slap the quokka.
You kill the quokka!
The hobgoblin hits you with a +0 club.
You slash the hobgoblin!
You kill the hobgoblin!
You hit the leopard gecko but do no damage.
Your tail-slap misses the leopard gecko.
The leopard gecko bites you but does no damage.
You slash the leopard gecko!
You kill the leopard gecko!
You slash the wyvern skeleton! You tail-slap the wyvern skeleton.
The wyvern skeleton is almost destroyed.
The wyvern skeleton bites you. x2
You are too injured to fight recklessly!
You are too injured to fight recklessly!
You are too injured to fight recklessly!
You are too injured to fight recklessly!
You are too injured to fight recklessly!
You are too injured to fight recklessly!
You are too injured to fight recklessly!
You are too injured to fight recklessly!
You are too injured to fight recklessly!
You are too injured to fight recklessly!
You are too injured to fight recklessly!
You are too injured to fight recklessly!
You are too injured to fight recklessly!
You are too injured to fight recklessly!
You are too injured to fight recklessly!
You are too injured to fight recklessly!
You hit the wyvern skeleton.
The wyvern skeleton is almost destroyed.
The wyvern skeleton completely misses you.
You riposte.
You barely miss the wyvern skeleton.
The wyvern skeleton is almost destroyed.
You hit the wyvern skeleton.
The wyvern skeleton is almost destroyed.
The wyvern skeleton bites you!
* * * LOW HITPOINT WARNING * * *
The wyvern skeleton bites you!
You die...

#..≈≈≈≈≈≈≈≈ #..
#..≈≈≈≈≈≈≈≈ ...
#.≈≈≈≈≈≈♣≈≈ ....
..###≈.≈≈≈?_.≈≈ ....
.....≈≈≈.≈≈≈≈ #..#
#≈≈≈≈≈≈≈≈≈≈ #...#
#..≈≈≈≈≈≈≈≈
##.#..###≈≈≈≈≈≈≈≈≈≈
#.....@Z.≈≈.≈.≈≈.$≈
#...####..≈≈..≈J.≈≈
.... #.#######... #.#.#
#.#######... # #.#.#
#......... . .. #.#.#
####...####
..###.#.####....#......
.............########..
####....######


You could see a wyvern skeleton.

Vanquished Creatures
  A gnoll (D:1)
  2 dart slugs (D:1)
  2 leopard geckos
  A ball python (D:1)
  6 bats (D:1)
  A giant cockroach (D:1)
  6 goblins (D:1)
  5 hobgoblins
  A quokka (D:2)
  4 frilled lizards
  4 kobolds (D:1)
  5 rats
38 creatures vanquished.

Notes
Turn   | Place    | Note
-------+----------+-------------------------------------------
     0 | D:1      | tsouns the Palentonga Gladiator began the quest for the
                  | Orb.
     0 | D:1      | Reached XP level 1. HP: 18/18 MP: 1/1
    11 | D:1      | Noticed a minotaur zombie
    17 | D:1      | Noticed a minotaur zombie
   173 | D:1      | Reached XP level 2. HP: 25/26 MP: 2/2
   845 | D:1      | Reached XP level 3. HP: 32/32 MP: 3/3
  1482 | D:2      | Found a faded altar of an unknown god.
  1502 | D:2      | Slain by a wyvern skeleton

Illustrated notes

Levels and vault maps discovered:
D:1:      shiori_arrival_whats_in_store_for_you, layout_basic
D:2:      layout_rooms, kennysheep_vampire_church,
          chequers_ecumenical_altar_island, uniq_terence

Skill      XL: |  1  2  3 |
---------------+----------+-----
Fighting       | 3 |  3.2
Long Blades    | |  3.9
Throwing       | |  1.3
Dodging        | |  2.4

Action                   || total
-------------------------++-------
Melee: Long sword        ||    94
       Tailslap          ||    14
Armor: Leather armour    ||    33
Dodge: Dodged            ||    56
       Rpst.: Long sword ||    22

Table legend: (Time is in decaauts)
 A = Elapsed time spent in this place.
 B = Non-inter-level travel time spent in this place.
 C = Inter-level travel time spent in this place.
 D = Time resting spent in this place.
 E = Time spent auto-exploring this place.
 F = Levels seen in this place.
 G = Mean time per level.
                   A        B        C        D        E       F      G
               +--------+--------+--------+--------+--------+-----+--------+
         Total |   1525 |   1471 |     54 |      0 |   1222 |   2 |  762.5 |
       Dungeon |   1525 |   1471 |     54 |      0 |   1222 |   2 |  762.5 |
               +--------+--------+--------+--------+--------+-----+--------+

Top non-repeatable levels by time:
     D:1: 1408 daAuts
     D:2: 116 daAuts
